 Dungeon Crawl Stone Soup version 0.27.1-1-g398f81649c (webtiles) character file.

Game seed: 16916243015389987936

788 Metae the Skirmisher (level 7, -1/64 HPs)
             Began as a Hill Orc Fighter on Sept 6, 2021.
             Was an Initiate of Qazlal.
             Slain by a gnoll (6 damage)
             ... on level 5 of the Dungeon on Sept 7, 2021.
             The game lasted 00:14:38 (5032 turns).

Metae the Skirmisher (Hill Orc Fighter)             Turns: 5032, Time: 00:14:39

Health: -1/64      AC: 13    Str: 21    XL:     7   Next: 87%
Magic:  7/7        EV: 20    Int:  8    God:    Qazlal [......]
Gold:   248        SH:  9    Dex: 10    Spells: 6/6 levels left

rFire    . . .     SeeInvis .   v - +1 long sword (drain)
rCold    . . .     Faith    .   c - +0 kite shield
rNeg     . . .     Spirit   .   n - +0 chain mail
rPois    .         Reflect  .   (no helmet)
rElec    .         Harm     .   l - +2 cloak
rCorr    .         Rampage  .   (no gloves)
Will     .....                  (no boots)
Stlth    ..........             j - amulet of the acrobat
HPRegen  0.20/turn              (no ring)
MPRegen  0.10/turn              (no ring)

@: acrobatic
A: no striking features
a: Renounce Religion


You were on level 5 of the Dungeon.
You worshipped Qazlal.
Qazlal was noncommittal.
You visited 1 branch of the dungeon, and saw 5 of its levels.

You collected 248 gold pieces.

Inventory:

Hand Weapons
 a - a +0 war axe
 v - a +1 long sword of draining (weapon)
Armour
 b - a +0 scale mail
 c - a +0 kite shield (worn)
 l - a +2 cloak (worn)
 n - a +0 chain mail (worn)
Jewellery
 g - a ring of magical power
 j - an amulet of the acrobat (around neck)
Scrolls
 k - a scroll of torment {unknown}
 m - a scroll of enchant armour {unknown}
 p - a scroll of amnesia {unknown}
 q - a scroll of enchant weapon {unknown}
 s - a scroll of magic mapping {unknown}
 t - a scroll of blinking {unknown}
 u - 2 scrolls of identify
Potions
 d - 4 potions of might
 e - 2 potions of mutation
 f - 3 potions of lignification
 h - a potion of degeneration
 i - 3 potions of curing
 o - a potion of heal wounds {unknown}
 r - a potion of magic {unknown}


   Skills:
 * Level 6.5 Fighting
 * Level 0.4 Long Blades
 - Level 6.3 Axes
 * Level 5.9 Armour
 + Level 4.7 Shields


You had 6 spell levels left.
You didn't know any spells.
Your spell library contained the following spells:

 Spells                   Type           Power      Damage    Failure   Level
 Animate Skeleton         Necr           0%         N/A       100%        1
 Apportation              Tloc           0%         N/A       100%        1
 Corona                   Hex            0%         N/A       100%        1
 Foxfire                  Conj/Fire      0%         2x1d4     100%        1
 Magic Dart               Conj           0%         1d3       100%        1
 Summon Small Mammal      Summ           0%         N/A       100%        1


Dungeon Overview and Level Annotations

Branches:
Dungeon (5/15)
 Temple: D:4-7

Altars:
Dithmenos
Fedhas
Gozag
Hepliaklqana
Qazlal
The Shining One


Message History

You block the gnoll's attack.
The gnoll shaman hits you but does no damage.
You block the gnoll's attack. The gnoll hits you but does no damage.
You hit the gnoll shaman but do no damage.
The gnoll shaman is almost dead.
The gnoll hits you but does no damage.
The gnoll shaman hits you with a +0 whip.
* * * LOW HITPOINT WARNING * * *
You block the gnoll's attack.
You hit the gnoll shaman. You drain the gnoll shaman.
You kill the gnoll shaman!
Qazlal accepts your kill. You block the gnoll's attack. x2
The gnoll hits you but does no damage.
Things that are here:
a +0 whip; a +0 robe The gnoll hits you from afar with a +0 spear.
* * * LOW HITPOINT WARNING * * *
You feel better. You block the gnoll's attack. The gnoll closely misses you.
The gnoll misses you.
You hit the gnoll.
The gnoll is moderately wounded.
The gnoll hits you from afar with a +0 halberd.
The gnoll hits you but does no damage. You block the gnoll's attack.
You barely miss the gnoll.
The gnoll is moderately wounded.
You block the gnoll's attack. The gnoll barely misses you.
The gnoll hits you but does no damage.
You slash the gnoll!
The gnoll is almost dead.
The gnoll hits you from afar with a +0 halberd!
* * * LOW HITPOINT WARNING * * *
You block the gnoll's attack. x2
You hit the gnoll.
You kill the gnoll!
Qazlal accepts your kill.
The gnoll hits you from afar with a +0 halberd!
* * * LOW HITPOINT WARNING * * *
The gnoll hits you from afar with a +0 halberd.
You die...

#...........# ##..###
#...........#####..##
#..................#
#.g........(.#####.####
#.g..........).##..##..
####..>.....##)....##..
#...g######.....#..##..
#)#############.#..##..
#...g.@......[.........
###############........
#.........#........
#.........#...#####
###................##
#...........##.......
#>..........##.###.##
#...........##.# #.#
####..##########..#
#.##


You could see a gnoll.

Vanquished Creatures
  2 black bears (D:4)
  An ogre (D:4)
  A phantom (D:5)
  A water moccasin skeleton (D:4)
  A gnoll shaman (D:5)
  A hound (D:5)
  A jelly (D:5)
  A bullfrog skeleton (D:5)
  4 iguanas
  An orc wizard (D:4)
  Robin (D:3)
  3 gnolls (D:5)
  2 adders (D:2)
  2 worms
  A dart slug (D:1)
  5 orcs (D:4)
  5 bats
  6 endoplasms
  6 giant cockroaches
  10 goblins
  8 hobgoblins
  5 jackals (D:1)
  7 kobolds
  5 quokkas
  15 ball pythons
  2 frilled lizards (D:2)
  A jackal skeleton (D:4)
  4 rats
102 creatures vanquished.

Notes
Turn   | Place    | Note
-------+----------+-------------------------------------------
     0 | D:1      | Metae the Hill Orc Fighter began the quest for the Orb.
     0 | D:1      | Reached XP level 1. HP: 19/19 MP: 1/1
   161 | D:1      | Reached XP level 2. HP: 21/27 MP: 2/2
   713 | D:1      | Reached XP level 3. HP: 33/33 MP: 3/3
  1359 | D:2      | Reached XP level 4. HP: 33/41 MP: 4/4
  1618 | D:2      | Got The Arcane Arts for Beginners
  2114 | D:3      | Found a stormy altar of Qazlal.
  2127 | D:3      | Found a blossoming altar of Fedhas.
  2324 | D:3      | Found an opulent altar of Gozag.
  2326 | D:3      | Found a hazy altar of Hepliaklqana.
  2510 | D:3      | Found a shadowy altar of Dithmenos.
  2679 | D:3      | Noticed Robin
  2691 | D:3      | Killed Robin
  2692 | D:3      | Reached XP level 5. HP: 46/47 MP: 5/5
  2838 | D:3      | Became a worshipper of Qazlal Stormbringer
  2931 | D:4      | Noticed an ogre
  2938 | D:4      | Killed an ogre
  2939 | D:4      | Reached skill level 5 in Fighting
  3056 | D:4      | Noticed a black bear
  3421 | D:4      | Reached XP level 6. HP: 52/56 MP: 6/6
  3548 | D:4      | Killed a black bear
  3549 | D:4      | Reached skill level 5 in Axes
  3549 | D:4      | Reached skill level 5 in Armour
  3835 | D:4      | Noticed a black bear
  3846 | D:4      | Killed a black bear
  3847 | D:4      | Reached XP level 7. HP: 55/62 MP: 7/7
  4309 | D:5      | Entered Level 5 of the Dungeon
  4535 | D:5      | Found a glowing golden altar of the Shining One.
  5032 | D:5      | Slain by a gnoll

Illustrated notes

Levels and vault maps discovered:
D:1:      eino_arrival_water_star, layout_basic, grunt_decor_mini_mirrors
D:2:      wad_river_or_something, layout_rooms
D:3:      layout_basic, grunt_dithmenos_smoke_and_mirrors, fedhas_altar_2,
          chequers_temple_overflow_statue_of_worship,
          mainiacjoe_overflow_tiny_flanked, minmay_misc_feat_rugged, uniq_robin
D:4:      layout_gridville, serial_rivers, chequers_serial_rivers_room_b,
          chequers_serial_rivers_micro_a, chequers_serial_rivers_small_b,
          chequers_serial_rivers_small_3, chequers_serial_rivers_large_a
D:5:      layout_rooms, tso_metal_star

Skill      XL: |  1  2  3  4  5  6  7 |
---------------+----------------------+-----
Axes           | 3 4 5 6 |  6.3
Fighting       | 4 5 6 |  6.5
Armour         | 4 5 |  5.9
Shields        | 4 |  4.7
Long Blades    | |  0.4

Action                   |  1- 3 |  4- 6 |  7- 9 || total
-------------------------+-------+-------+-------++-------
Melee: War axe           |   122 |   127 |    46 ||   295
       Long sword        |       |       |    17 ||    17
  Use: Scroll            |       |     1 |     3 ||     4
       Potion            |       |     1 |     1 ||     2
Armor: Scale mail        |    79 |    64 |       ||   143
       Chain mail        |       |    13 |    41 ||    54
Dodge: Dodged            |    56 |    67 |    19 ||   142
Block: Kite shield       |    93 |    86 |    49 ||   228
